 Dungeon Crawl Stone Soup version 0.29-a0-322-g68df515428 (webtiles) character file.

Game seed: 15237744699860948971

11177 quinnr the Stormcaller (level 11, -7/57 HPs)
             Began as a Tengu Air Elementalist on Apr 7, 2022.
             Was an Initiate of Yredelemnul.
             Shot with an arrow by a centaur (8 damage)
             ... in a volcano.
             The game lasted 00:40:19 (14941 turns).

quinnr the Stormcaller (Tengu Air Elementalist)    Turns: 14941, Time: 00:40:20

Health: -7/57      AC:  7    Str:  9    XL:     11   Next: 73%
Magic:  13/19      EV: 19    Int: 19    God:    Yredelemnul [......]
Gold:   702        SH:  0    Dex: 15    Spells: 9/20 levels left

rFire   + . .      SeeInvis .   o - staff of conjuration
rCold   . . .      Faith    .   (no shield)
rNeg    . . .      Spirit   .   I - +2 robe {Will+}
rPois   +          Reflect  .   (helmet restricted)
rElec   .          Harm     .   J - +0 cloak
rCorr   .          Rampage  .   v - +1 pair of gloves
Will    +....                   (boots unavailable)
Stlth   ++........              n - amulet of regeneration
HPRegen 0.99/turn               F - ring of poison resistance
MPRegen 0.16/turn               H - ring of protection from fire

@: flying quickly and evasively, quick
A: beak, talons 3, nimble flight
a: Renounce Religion, Recall Undead Harvest


You were in a volcano.
You worshipped Yredelemnul.
Yredelemnul was noncommittal.
You visited 3 branches of the dungeon, and saw 12 of its levels.
You also visited: Bailey and Volcano.

You collected 816 gold pieces.
You spent 114 gold pieces at shops.

Inventory:

Hand Weapons
 l - a +3 spear of venom
 C - a +2 lajatang of flaming
Missiles
 m - a throwing net
Armour
 a - a +0 robe
 k - +0 ice dragon scales
 v - a +1 pair of gloves (worn)
 y - the +0 robe of Wuozegos {rPois Dex+6}
   (You bought it in a shop on level 5 of the Dungeon)

   Dex:       It affects your dexterity (+6).
   rPois:     It protects you from poison.
 A - the +10 gold dragon scales of Boiling Hail {Rampage rPois rF+ rC+ Will++ Slay+4}
   (You found it in a bailey)

   Slay:      It affects your accuracy & damage with ranged weapons and melee
   (+4).
   rF:        It protects you from fire.
   rC:        It protects you from cold.
   rPois:     It protects you from poison.
   Rampage:   It bestows one free step when moving towards enemies.
   Will:      It greatly increases your willpower.
 I - a +2 robe of willpower (worn)
 J - a +0 cloak (worn)
Magical Staves
 o - a staff of conjuration (weapon)
 B - a staff of poison
Jewellery
 n - an amulet of regeneration (around neck)
 u - a +4 ring of evasion
 F - a ring of poison resistance (left hand)
 H - a ring of protection from fire (right hand)
Wands
 r - a wand of iceblast (8)
 E - a wand of polymorph (7)
 K - a wand of digging (7)
Scrolls
 d - a scroll of fog
 f - a scroll of teleportation
 i - a scroll of amnesia
 q - a scroll of immolation
 s - a scroll of blinking {unknown}
 t - 2 scrolls of fear
 w - a scroll of brand weapon
Potions
 b - 2 potions of magic
 c - 5 potions of curing
 e - 3 potions of heal wounds
 g - 3 potions of brilliance {unknown}
 h - 5 potions of resistance
 j - 5 potions of mutation
 p - 3 potions of attraction
 x - a potion of invisibility
 z - a potion of degeneration
 D - 2 potions of cancellation
 G - a potion of berserk rage


   Skills:
 - Level 2.0 Fighting
 - Level 8.0 Dodging
 - Level 2.0 Stealth
 - Level 5.0 Spellcasting
 - Level 1.3 Conjurations
 - Level 4.0 Summonings
 + Level 19.8 Air Magic


You had 9 spell levels left.
You knew the following spells:

 Your Spells              Type           Power      Damage    Failure   Level
a - Shock                 Conj/Air       100%       1d9       1%          1
b - Airstrike             Air            34%        N/A       1%          4
c - Static Discharge      Conj/Air       61%        N/A       1%          2
d - Summon Lightning Spi  Summ/Air       50%        N/A       1%          4

Your spell library contained the following spells:

 Spells                   Type           Power      Damage    Failure   Level
 Swiftness                Air            69%        N/A       0%          3
 Slow                     Hex            16%        N/A       12%         1
 Ensorcelled Hibernation  Hex/Ice        8%         N/A       19%         2
 Passwall                 Tmut/Erth      3%         N/A       19%         2
 Maxwell's Capacitive Co  Air            34%        ∞         24%         8
 Confusing Touch          Hex            4%         N/A       36%         3
 Vampiric Draining        Necr           4%         2d6       36%         3
 Storm Form               Tmut/Air       21%        N/A       87%         7


Dungeon Overview and Level Annotations

Branches:
Dungeon (10/15)            Temple (1/1) D:6            Lair (1/6) D:8
    Orc (0/2) D:9          Bailey (visited)         Volcano (1/1)

Altars:
Ashenzari
Cheibriados
Dithmenos
Elyvilon
Fedhas
Gozag
Hepliaklqana
Kikubaaqudgha
Makhleb
Nemelex Xobeh
Okawaru
Qazlal
Ru
Sif Muna
Trog
Uskayaw
Vehumet
Wu Jian
Yredelemnul
Zin
The Shining One
Beogh

Shops:
D:5 [   D:7 =


Innate Abilities, Weirdness & Mutations

You have a beak for a mouth.
You have claws for feet.
Your magical nature lets you fly swiftly and evasively.


Message History

Found a potion of heal wounds and a robe.
You hear a roar!
The centaur shoots an arrow.
The arrow closely misses you.
The centaur shoots an arrow.
The arrow closely misses you.
The yaktaur shoots a bolt.
The bolt barely misses you.
Casting: Shock (safe; 1% risk of failure)
Confirm with . or Enter, or press ? or * to list all spells.
An electric hum fills the air.
The yaktaur shoots a bolt.
The bolt hits you! The bolt burns you.
Items here: ))) =.
You feel a surge of power!
The zap hits the yaktaur.
The yaktaur is lightly wounded.
The zap hits the centaur!
The centaur is heavily wounded.
Your lightning spire shoots out a bolt of lightning at the yaktaur!
The bolt of electricity hits the yaktaur.
The bolt of electricity hits the yaktaur!
The yaktaur shoots a bolt.
The bolt hits your lightning spire!
The centaur shoots an arrow.
The arrow hits you!
You feel a surge of power!
The zap hits the centaur.
The centaur is heavily wounded.
The centaur shoots an arrow.
The arrow hits you. The arrow burns you.
Unknown command.
Casting: Shock (safe; 1% risk of failure)
Confirm with . or Enter, or press ? or * to list all spells.
Aiming: Shock (safe; 1% risk of failure)
Press: ? - help, Shift-Dir - straight line, f/p - centaur
Aim: a centaur, wielding a +0 shortbow of flaming (heavily wounded, 84% to hit)
You feel a surge of power!
The zap hits the yaktaur.
The yaktaur is heavily wounded.
The zap hits the centaur.
The centaur is almost dead.
The yaktaur shoots a bolt.
The bolt hits you!!
Ouch! That really hurt!
* * * LOW HITPOINT WARNING * * *
The bolt burns you.
* * * LOW HITPOINT WARNING * * *
The centaur shoots an arrow.
The arrow hits you!
You die...
Your body rises from the dead as a mindless zombie.

### ##.#.....§... ###
###....≈§≈§§≈≈ ##☼#
##....≈≈≈§§§≈≈≈ #○§##
#....≈≈≈§≈≈≈≈§≈ ##○≈≈##
##....§≈≈≈≈≈≈≈§ #§§≈≈≈##
#.....≈§≈≈§§≈≈§ #§≈...≈#
###)8...≈≈≈§§§§
##§...∩#####.....c..≈§≈§§≈
##.........##@..c....§§..
##..##..########..######
######## #.## #.#


c#c ! . [ ≈≈ §§ ≈# You could see a yaktaur (ally target), a centaur and a
friendly lightning spire (summoned).

Vanquished Creatures
  A centaur warrior (Volcano)
  Maggie (D:6)
  A shadow (D:9)
  Sigmund (D:2)
  Menkaure (D:5)
  A water moccasin (D:7)
  3 black bears
  A sky beast (D:6)
  9 orc warriors
  An ice beast (D:5)
  2 ogres (D:6)
  2 centaurs
  An elf zombie (D:7)
  2 bullfrogs
  2 kobold brigands
  2 necrophages (D:6)
  An elf skeleton (D:7)
  3 scorpions
  6 wights (D:7)
  12 killer bees
  6 electric eels (Bailey)
  2 hounds
  3 orc priests
  4 jellies
  2 iguanas
  6 orc wizards
  8 gnolls
  8 adders
  A shadow imp (D:6)
  2 white imps
  2 ufetubi
  2 worms
  4 dart slugs
  21 orcs
  3 ball pythons
  5 bats
  3 endoplasms
  A giant cockroach (D:4)
  7 goblins
  13 hobgoblins
  13 kobolds
  4 quokkas
  2 frilled lizards (D:1)
  An orc skeleton (D:7)
176 creatures vanquished.

Vanquished Creatures (collateral kills)
  A hydra (Lair:1)
  An orc knight (Bailey)
  An elephant (D:8)
  A cane toad (Lair:1)
  2 kobold demonologists (Bailey)
  A yaktaur (Volcano)
  A hornet (D:9)
  Prince Ribbit (D:6)
  A wyvern (D:8)
  2 steam dragons (D:8)
  2 basilisks (D:8)
  A water moccasin (D:8)
  6 orc warriors
  2 centaurs
  A kobold brigand (D:9)
  3 bullfrogs
  A gnoll sergeant (D:9)
  3 elf skeletons (D:7)
  3 wights (D:7)
  5 killer bees
  A human zombie (D:7)
  An orc priest (D:9)
  A human skeleton (D:7)
  11 orc wizards
  A killer bee zombie (D:7)
  A gnoll (D:9)
  A white imp (D:6)
  An ufetubus (D:7)
  7 orcs
  A goblin (Bailey)
  2 hobgoblins (Bailey)
  4 kobolds
  A kobold zombie (D:8)
  2 orc skeletons (D:7)
  An orc zombie (D:7)
75 creatures vanquished.

Vanquished Creatures (others)
  2 bullfrog zombies (D:8)
  2 centaur zombies
  A black bear zombie (D:6)
  4 killer bee zombies
  A spectral white imp (D:6)
  2 gnoll zombies (D:9)
  A goblin zombie (Bailey)
  3 hobgoblin zombies (Bailey)
  5 kobold zombies
  17 orc zombies
  A spectral ufetubus (D:7)
  4 fungi (D:8)
  4 plants (D:8)
47 creatures vanquished.

Grand Total: 298 creatures vanquished

Notes
Turn   | Place    | Note
-------+----------+-------------------------------------------
     0 | D:1      | quinnr the Tengu Air Elementalist began the quest for the
                  | Orb.
     0 | D:1      | Reached XP level 1. HP: 10/10 MP: 4/4
   498 | D:1      | Reached XP level 2. HP: 15/15 MP: 1/6
   977 | D:2      | Found a faded altar of an unknown god.
  1148 | D:2      | Noticed Sigmund
  1193 | D:2      | Reached XP level 3. HP: 11/19 MP: 1/7
  1492 | D:2      | Reached skill level 5 in Air Magic
  1853 | D:2      | Reached XP level 4. HP: 24/24 MP: 7/9
  2563 | D:3      | Learned a level 4 spell: Airstrike
  2566 | D:3      | Learned a level 2 spell: Static Discharge
  2578 | D:3      | Reached skill level 6 in Air Magic
  2612 | D:3      | Gained mutation: Your magical nature lets you fly swiftly
                  | and evasively. [Tengu growth]
  2612 | D:3      | Reached XP level 5. HP: 28/28 MP: 6/10
  3316 | D:4      | Found an ornate altar of the Wu Jian Council.
  3316 | D:4      | Found a burning altar of Makhleb.
  3318 | D:4      | Found a sparkling altar of Nemelex Xobeh.
  3318 | D:4      | Found a hazy altar of Hepliaklqana.
  3370 | D:4      | Noticed an orc warrior
  3454 | D:4      | Reached skill level 7 in Air Magic
  3814 | D:4      | Killed an orc warrior
  3815 | D:4      | Reached skill level 8 in Air Magic
  3815 | D:4      | Reached XP level 6. HP: 14/32 MP: 3/11
  3892 | D:4      | Noticed a black bear
  3908 | D:4      | Killed a black bear
  4073 | D:4      | Reached skill level 9 in Air Magic
  4130 | D:4      | Noticed a black bear
  4149 | D:4      | Killed a black bear
  4150 | D:4      | Reached XP level 7. HP: 36/36 MP: 6/12
  4916 | D:2      | Killed Sigmund
  4917 | D:2      | Reached skill level 1 in Fighting
  4917 | D:2      | Reached skill level 10 in Air Magic
  5039 | D:5      | Entered Level 5 of the Dungeon
  5302 | D:5      | Reached XP level 8. HP: 44/44 MP: 10/13
  5412 | D:5      | Noticed Menkaure
  5434 | D:5      | Killed Menkaure
  5435 | D:5      | Reached skill level 11 in Air Magic
  5723 | D:5      | Found a shadowy altar of Dithmenos.
  5774 | D:5      | Found Ykhliar's Antique Armour Shop.
  5817 | D:5      | Bought a slimy robe for 114 gold pieces
  5817 | D:5      | Identified the +0 robe of Wuozegos {rPois Dex+6} (You
                  | bought it in a shop on level 5 of the Dungeon)
  5871 | D:5      | Reached skill level 12 in Air Magic
  6569 | D:6      | Reached skill level 13 in Air Magic
  6844 | D:6      | Reached XP level 9. HP: 48/48 MP: 1/14
  6970 | D:6      | Found a staircase to the Ecumenical Temple.
  6980 | Temple   | Entered the Ecumenical Temple
  7067 | Temple   | Became a worshipper of Yredelemnul the Dark
  7204 | D:6      | Reached skill level 14 in Air Magic
  7327 | D:6      | Noticed Maggie
  7352 | D:6      | Killed Maggie
  7356 | D:6      | Reached * piety under Yredelemnul
  7779 | D:6      | Noticed Prince Ribbit
  7795 | D:6      | Killed Prince Ribbit
  7796 | D:6      | Reached skill level 5 in Dodging
  8429 | D:7      | Found Utiraff's Jewellery Shoppe.
  8533 | D:7      | Reached skill level 15 in Air Magic
  8815 | D:7      | Reached XP level 10. HP: 43/53 MP: 8/15
  8905 | D:7      | Found a flagged portal.
  8912 | Bailey   | Entered a bailey
  9148 | Bailey   | Acquired a book of the Sky
  9155 | Bailey   | Learned a level 4 spell: Summon Lightning Spire
  9282 | Bailey   | Reached skill level 1 in Summonings
  9673 | Bailey   | Reached skill level 16 in Air Magic
  9878 | Bailey   | Reached ** piety under Yredelemnul
 10132 | Bailey   | Noticed an orc knight
 10141 | Bailey   | Killed an orc knight
 10288 | Bailey   | Found an iron altar of Okawaru.
 10288 | Bailey   | Noticed a kobold demonologist
 10288 | Bailey   | Noticed a kobold demonologist
 10306 | Bailey   | Killed a kobold demonologist
 10450 | Bailey   | Killed a kobold demonologist
 10451 | Bailey   | Reached skill level 17 in Air Magic
 10586 | Bailey   | Identified the +10 gold dragon scales of Boiling Hail
                  | {Rampage rPois rF+ rC+ Will++ Slay+4}
 10588 | Bailey   | quinnr: ??dragon scales
 10588 | Bailey   | beem: dragon scales[1/3]: Body armour sometimes dropped by
                  | {dragon} monsters. Types in order of ascending {encumbrance
                  | rating}: {steam dragon scales}, {acid dragon scales},
                  | {quicksilver dragon scales}, {swamp dragon scales}, {fire
                  | dragon scales}, {ice dragon scales}, {pearl dragon scales},
                  | {storm dragon scales}, {shadow dragon scales}, {gold dragon
                  | scales}
 10663 | D:7      | Found a glowing silver altar of Zin.
 11874 | D:8      | Reached XP level 11. HP: 57/57 MP: 9/16
 12112 | D:8      | Reached skill level 18 in Air Magic
 12382 | D:8      | Found a staircase to the Lair.
 12585 | D:8      | Found a stormy altar of Qazlal.
 12608 | D:8      | Reached *** piety under Yredelemnul
 14014 | D:9      | Reached skill level 5 in Spellcasting
 14177 | D:9      | Found a staircase to the Orcish Mines.
 14440 | D:10     | Entered Level 10 of the Dungeon
 14528 | Lair:1   | Entered Level 1 of the Lair of Beasts
 14614 | Lair:1   | Reached skill level 19 in Air Magic
 14634 | Lair:1   | Noticed an eight-headed hydra
 14645 | Lair:1   | Killed an eight-headed hydra
 14698 | Lair:1   | Found a dark tunnel.
 14707 | Volcano  | Entered a volcano
 14757 | Volcano  | Identified the ring of Egipn {rC+ Will- rCorr MP+9 Slay+5}
 14757 | Volcano  | Noticed a centaur warrior
 14766 | Volcano  | Killed a centaur warrior
 14941 | Volcano  | HP: 2/57 [yaktaur/bolt (29)]
 14941 | Volcano  | Shot with an arrow by a centaur

Illustrated notes

Levels and vault maps discovered:
D:1:      lightli_arrival_lavapool, layout_basic
D:2:      layout_loops_ring, shapermc_ecumenical_altar_starsandcircs,
          hangedman_abyss_or_decor_stabs, uniq_sigmund
D:3:      layout_rooms
D:4:      layout_basic, mainiacjoe_overflow_alcove_3
D:5:      layout_rooms, nicolae_dithmenos_the_darkroom, serial_shops,
          nicolae_stop_n_shop_2, kennysheep_generic_room_3, uniq_menkaure
D:6:      layout_layer_cave, minmay_temple_entry_wispy, kennysheep_small_circle,
          uniq_prince_ribbit1, uniq_maggie
D:7:      layout_basic, kennysheep_mini_moat, nicolae_ossuary_entry_catacombs,
          serial_shops, nicolae_stop_n_shop_1, enter_bailey_2
D:8:      layout_basic, old_standard_altar, david_lair_generic
D:9:      minmay_flawed_box, layout_long_grid, minmay_orc_entry_temple_small,
          kennysheep_generic_room_13
D:10:     layout_roguey, brannock_xom_greatest_gift, serial_glass,
          glass_columns_a, glass_columns_b, due_unseen_surprise
Temple:   zaba_magenta_temple
Lair:1:   layout_gridlike, serial_forest, infiniplex_forest_straight_2,
          infiniplex_forest_straight_3, infiniplex_forest_clump_curved,
          infiniplex_forest_clump_medium, infiniplex_forest_clump_double,
          infiniplex_forest_clump_cross, infiniplex_forest_straight_2,
          nicolae_volcano_entry_lava_flow
Volcano:  volcano_pools

Skill      XL: |  1  2  3  4  5  6  7  8  9 10 11 |
---------------+----------------------------------+-----
Air Magic      | 5 6 8 9 10 13 15 17 19 | 19.8
Spellcasting   | 3 5 |  5.0
Dodging        | 3 4 7 8 |  8.0
Fighting       | 2 |  2.0
Summonings     | 4 |  4.0
Stealth        | |  2.0
Conjurations   | |  1.3

Action                   |  1- 3 |  4- 6 |  7- 9 | 10-12 || total
-------------------------+-------+-------+-------+-------++-------
Melee: Unarmed           |     1 |       |       |       ||     1
       Spear             |     3 |       |     7 |       ||    10
       Peck              |     1 |     1 |    10 |    18 ||    30
       Staff             |       |     1 |    32 |    67 ||   100
       Kick              |       |       |     6 |    23 ||    29
Throw: Dart              |       |       |     4 |     4 ||     8
 Cast: Shock             |    45 |    82 |   178 |   182 ||   487
       Airstrike         |       |     3 |    26 |    36 ||    65
       Static Discharge  |       |       |     3 |     4 ||     7
       Summon Lightning  |       |       |       |    39 ||    39
Invok: Recall Undead Har |       |       |     2 |     2 ||     4
       Dark Bargain      |       |       |       |     1 ||     1
Evoke: Wand              |       |       |     2 |       ||     2
  Use: Scroll            |       |     1 |     8 |    14 ||    23
       Potion            |       |       |       |     1 ||     1
 Stab: Distracted        |       |       |     1 |     2 ||     3
Armor: Robe              |     2 |     1 |    13 |    21 ||    37
Dodge: Dodged            |    18 |    10 |   115 |   187 ||   330

Table legend: (Time is in decaauts)
 A = Elapsed time spent in this place.
 B = Non-inter-level travel time spent in this place.
 C = Inter-level travel time spent in this place.
 D = Time resting spent in this place.
 E = Time spent auto-exploring this place.
 F = Levels seen in this place.
 G = Mean time per level.
                   A        B        C        D        E       F      G
               +--------+--------+--------+--------+--------+-----+--------+
         Total |  14334 |  13772 |    562 |   1479 |   9820 |  14 | 1023.9 |
       Dungeon |  12234 |  11715 |    519 |    896 |   8906 |  10 | 1223.4 |
        Temple |     92 |     50 |     42 |      0 |     45 |   1 |   92.0 |
          Lair |    133 |    133 |      0 |     21 |      0 |   1 |  133.0 |
        Bailey |   1646 |   1646 |      0 |    440 |    828 |   1 | 1646.0 |
       Volcano |    226 |    226 |      0 |    121 |     39 |   1 |  226.0 |
               +--------+--------+--------+--------+--------+-----+--------+

Top non-repeatable levels by time:
     D:6: 2207 daAuts
     D:2: 1809 daAuts
  Bailey: 1646 daAuts
     D:9: 1592 daAuts
     D:4: 1473 daAuts
     D:7: 1382 daAuts
     D:8: 1124 daAuts
     D:1: 977 daAuts
     D:5: 965 daAuts
     D:3: 663 daAuts
 Volcano: 226 daAuts
  Lair:1: 133 daAuts
  Temple: 92 daAuts
    D:10: 39 daAuts
